 Dungeon Crawl Stone Soup version 0.28-a0-401-ge240ad9e29 (webtiles) character file.

Game seed: 2323329781144440032

24 mg7810 the Chopper (level 3, -5/29 HPs)
             Began as a Human Monk on Sept 4, 2021.
             Slain by an ogre (27 damage)
             ... on level 3 of the Dungeon.
             The game lasted 00:04:14 (1555 turns).

mg7810 the Chopper (Human Monk)                     Turns: 1555, Time: 00:04:15

Health: -5/29      AC:  2    Str:  9 (12) XL:     3   Next: 15%
Magic:  3/3        EV: 13    Int:  7 (10) God:
Gold:   0          SH:  0    Dex: 14 (15) Spells: 2/2 levels left

rFire   . . .      SeeInvis .   a - +0 hand axe
rCold   . . .      Faith    .   (no shield)
rNeg    . . .      Spirit   .   b - +0 robe
rPois   .          Reflect  .   (no helmet)
rElec   .          Harm     .   (no cloak)
rCorr   .          Rampage  .   (no gloves)
Will    .....                   (no boots)
Stlth   +.........              (no amulet)
HPRegen 0.09/turn               (no ring)
MPRegen 0.08/turn               (no ring)

@: confused, flying
A: no striking features
a: no special abilities


You were on level 3 of the Dungeon.
You visited 1 branch of the dungeon, and saw 3 of its levels.

Inventory:

Hand Weapons
 a - a +0 hand axe (weapon)
Armour
 b - a +0 robe (worn)
 i - a +1 robe of fire resistance
Jewellery
 j - a ring of willpower
Scrolls
 c - a scroll of fear {unknown}
 d - 2 scrolls of magic mapping {unknown}
 e - a scroll of vulnerability {unknown}
Potions
 h - a potion of curing {unknown}


   Skills:
 + Level 3.4 Fighting
 + Level 3.5 Axes
 + Level 3.2 Dodging
 + Level 2.0 Stealth


You had 2 spell levels left.
You didn't know any spells.
Your spell library contained the following spells:

 Spells                   Type           Power      Damage    Failure   Level
 Corpse Rot               Necr/Air       N/A        N/A       56%         2
 Dispel Undead            Necr           0%         3d6       99%         4
 Death Channel            Necr           0%         N/A       100%        6


Dungeon Overview and Level Annotations

Branches:
Dungeon (3/15)

Altars:

Annotations:
D:2 Sigmund


Message History

The bat is heavily wounded.
The bat hits you. The bat barely misses you.
The bat hits you but does no damage. The kobold hits you with a +0 whip.
You hit the kobold.
You kill the kobold!
The bat barely misses you.
You hit the goblin.
The goblin is severely wounded.
You miss the bat. The bat barely misses you. The bat closely misses you.
The goblin closely misses you.
You hit the goblin.
You kill the goblin!
You hit the bat.
You kill the bat!
Things that are here:
a +0 club; a +0 whip; 4 stones HP restored.
j - a ring of willpower Sigmund shouts!
Sigmund gestures at you while chanting. The magic dart hits you.
Sigmund breathes a few words.
Sigmund's hands start flickering wildly.
There is a stone staircase leading down here.
Sigmund gestures at you while chanting.
You are confused.
In your confused state, you trip and fall down the stairs.
You climb downwards.
Found 17 gold pieces.
There is a stone staircase leading up here.
It was a potion of degeneration.
There was something very wrong with that liquid.
You feel weakened.
You feel dopey.
You feel clumsy.
It was a potion of flight.
You feel very buoyant.
You fly up into the air.
The ogre hits you with a +0 giant club!!
Ouch! That really hurt!
You die...

...## ....#
#####....#
#.........
#....$....
####.........
#....O.......
#....@.......
#............
#............
#............
#............
##########...
... ..


You could see an ogre.

Vanquished Creatures
  A dart slug (D:1)
  3 endoplasms (D:1)
  3 goblins
  A quokka (D:1)
  3 ball pythons
  3 bats
  4 frilled lizards (D:1)
  2 kobolds
  2 rats
22 creatures vanquished.

Notes
Turn   | Place    | Note
-------+----------+-------------------------------------------
     0 | D:1      | mg7810 the Human Monk began the quest for the Orb.
     0 | D:1      | Reached XP level 1. HP: 18/18 MP: 1/1
   200 | D:1      | Reached XP level 2. HP: 17/24 MP: 2/2
  1325 | D:2      | Noticed Sigmund
  1353 | D:2      | Reached XP level 3. HP: 29/29 MP: 3/3
  1553 | D:3      | Noticed an ogre
  1555 | D:3      | Slain by an ogre

Illustrated notes

Levels and vault maps discovered:
D:1:      dpeg_arrival_water_temple_mockup, layout_basic
D:2:      layout_loops_corners, minmay_hexomino_u4, uniq_jessica, uniq_sigmund
D:3:      layout_basic, nicolae_overflow_hidden_temple,
          minmay_overflow_temple_star_quad, basic_ecumenical_altar

Action                   || total
-------------------------++-------
Melee: Hand axe          ||    60
  Use: Potion            ||     2
 Stab: Sleeping          ||     1
Armor: Robe              ||    14
Dodge: Dodged            ||    46

Table legend: (Time is in decaauts)
 A = Elapsed time spent in this place.
 B = Non-inter-level travel time spent in this place.
 C = Inter-level travel time spent in this place.
 D = Time resting spent in this place.
 E = Time spent auto-exploring this place.
 F = Levels seen in this place.
 G = Mean time per level.
                   A        B        C        D        E       F      G
               +--------+--------+--------+--------+--------+-----+--------+
         Total |   1562 |   1543 |     19 |      0 |   1309 |   3 |  520.7 |
       Dungeon |   1562 |   1543 |     19 |      0 |   1309 |   3 |  520.7 |
               +--------+--------+--------+--------+--------+-----+--------+

Top non-repeatable levels by time:
     D:1: 1262 daAuts
     D:2: 298 daAuts
     D:3: 1 daAuts
